 Dungeon Crawl Stone Soup version 0.28-a0-1613-gdaab1c2f9b (webtiles) character file.

Game seed: 144860098694035665

10766 murtidash the Envoy of Void (level 11, -9/81 HPs)
             Began as a Formicid Abyssal Knight on Jan 21, 2022.
             Was a High Priest of Lugonu.
             Mangled by Snorg (12 damage)
             ... on level 11 of the Dungeon on Jan 22, 2022.
             The game lasted 00:24:37 (14633 turns).

murtidash the Envoy of Void (FoAK)                 Turns: 14633, Time: 00:24:37

Health: -9/81      AC: 11    Str: 29    XL:     11   Next: 99%
Magic:  25/29      EV: 11    Int:  9    God:    Lugonu [*****.]
Gold:   912        SH:  0    Dex:  9    Spells: 10/10 levels left

rFire   + + .      SeeInvis +   j - +9 battleaxe "Sygeod" {vamp, rPois Dex-2 SInv}
rCold   . . .      Faith    .   (no shield)
rNeg    . . .      Spirit   .   C - +0 ring mail of Masochism {rF++}
rPois   +          Reflect  .   (helmet unavailable)
rElec   .          Harm     .   k - +2 cloak {rPois}
rCorr   .          Rampage  .   (no gloves)
Will    +....                   n - +0 pair of boots
Stlth   +++.......              (no amulet)
HPRegen 0.23/turn               m - +6 ring of strength
MPRegen 0.21/turn               I - ring of magical power {MP+9}

@: no status effects
A: permanent stasis, dig shafts and tunnels, antennae 3, four strong arms,
hooves 1, mutation resistance 1
a: Dig, Shaft Self, Renounce Religion, Depart the Abyss, Bend Space, Banish,
Corrupt, Enter the Abyss


You were on level 11 of the Dungeon.
You worshipped Lugonu.
Lugonu was extremely pleased with you.
You visited 1 branch of the dungeon, and saw 11 of its levels.
You visited the Abyss 1 time.

You collected 1971 gold pieces.
You spent 1059 gold pieces at shops.

Inventory:

Hand Weapons
 a - a +1 whip of electrocution
   (You found it on level 2 of the Dungeon)
 b - a +4 antimagic flail
   (You took it off Edmund on level 5 of the Dungeon)
 j - the +9 battleaxe "Sygeod" (weapon) {vamp, rPois Dex-2 SInv}
   (You bought it in a shop on level 5 of the Dungeon)

   It occasionally heals its wielder for a portion of the damage dealt when it
   wounds a living foe.
   Dex:       It affects your dexterity (-2).
   rPois:     It protects you from poison.
   SInv:      It lets you see invisible.
 F - a +4 morningstar
   (You took it off a wight on level 8 of the Dungeon)
 H - a +2 whip of distortion
   (You took it off a gnoll on level 8 of the Dungeon)
Armour
 k - a +2 cloak of poison resistance (worn)
   (You took it off Crazy Yiuf on level 2 of the Dungeon)
 n - a +0 pair of boots (worn)
   (You found it on level 3 of the Dungeon)
 C - the +0 ring mail of Masochism (worn) {rF++}
   (You found it on level 6 of the Dungeon)

   rF:        It greatly protects you from fire.
 K - a +0 plate armour
   (You took it off an orc warrior on level 9 of the Dungeon)
Magical Staves
 y - a staff of earth
   (You found it on level 5 of the Dungeon)
 A - a staff of conjuration {!a}
   (You found it on level 5 of the Dungeon)
 D - a staff of poison {rPois}
   (You found it on level 11 of the Dungeon)
 O - a staff of poison {rPois}
   (You found it on level 9 of the Dungeon)
Jewellery
 m - a +6 ring of strength (left hand)
   (You found it on level 3 of the Dungeon)
 w - a ring of positive energy {rN+}
   (You found it on level 11 of the Dungeon)
 I - a ring of magical power (right hand) {MP+9}
   (You found it on level 8 of the Dungeon)
Wands
 p - a wand of paralysis (17)
   (You found it on level 3 of the Dungeon)
 u - a wand of iceblast (14)
   (You found it on level 4 of the Dungeon)
 L - a wand of mindburst (3)
   (You took it off Erolcha on level 9 of the Dungeon)
Scrolls
 c - 3 scrolls of enchant armour
 e - a scroll of fog {unknown}
 g - 2 scrolls of enchant weapon
 q - a scroll of amnesia {unknown}
 s - 2 scrolls of vulnerability {!r!r}
 v - 3 scrolls of magic mapping {!r}
 x - a scroll of fear
 z - a scroll of silence {unknown}
 B - a scroll of holy word {unknown}
 E - a scroll of noise {unknown}
 N - 3 scrolls of teleportation
Potions
 d - 2 potions of attraction {!q}
 f - 2 potions of might {unknown}
 h - a potion of lignification {unknown}
 i - 2 potions of curing
 l - a potion of ambrosia
 o - a potion of resistance {unknown}
 r - 3 potions of mutation {!q}
 t - a potion of invisibility
 G - a potion of flight {unknown}
 J - a potion of cancellation {unknown}
 M - a potion of degeneration {unknown}


   Skills:
 - Level 6.0 Fighting
 + Level 4.6(8.5) Axes
 - Level 11.1(11.5) Maces & Flails
 - Level 7.0 Armour
 - Level 0.8 Dodging
 + Level 7.3 Stealth
 + Level 12.0 Invocations


You had 10 spell levels left.
You didn't know any spells.
Your spell library contained the following spells:

 Spells                   Type           Power      Damage    Failure   Level
 Animate Skeleton         Necr           0%         N/A       50%         1
 Apportation              Tloc           0%         N/A       50%         1
 Summon Small Mammal      Summ           0%         N/A       50%         1
 Ensorcelled Hibernation  Hex/Ice        0%         N/A       63%         2
 Dazzling Flash           Conj/Hex       0%         N/A       86%         3
 Lesser Beckoning         Tloc           0%         N/A       86%         3
 Spider Form              Tmut/Pois      0%         N/A       86%         3
 Anguish                  Hex/Necr       0%         N/A       99%         4
 Iskenderun's Mystic Bla  Conj/Tloc      0%         2d3       99%         4
 Agony                    Necr           0%         N/A       100%        5
 Iskenderun's Battlesphe  Conj           0%         2d6       100%        5
 Manifold Assault         Tloc           0%         N/A       100%        5
 Silence                  Hex/Air        0%         N/A       100%        5
 Iron Shot                Conj/Erth      0%         9d1       100%        6
 Starburst                Conj/Fire      0%         6d3       100%        6
 Spellforged Servitor     Conj/Summ      0%         N/A       100%        7
 Blink                    Tloc           Unusable   N/A       N/A         2

Dungeon Overview and Level Annotations

Branches:
Dungeon (11/15)            Temple (0/1) D:7            Lair (0/6) D:9
    Orc (0/2) D:9

Altars:
Ashenzari
Elyvilon
Ru
Sif Muna
Vehumet
Wu Jian
Zin

Shops:
D:5 (

Annotations:
D:7 3 runed translucent doors, issech's ghost, novice TrFi
D:8 3 runed translucent doors, fragbeetle's ghost, novice PaAK
D:11 Snorg


Innate Abilities, Weirdness & Mutations

You cannot be hasted, slowed, berserked, paralysed or teleported.
You can dig through walls and to a lower floor.
You have a pair of large antennae on your head. (SInv)
Your four strong arms can wield two-handed weapons with a shield.
You have large cloven feet.
You are somewhat resistant to further mutation.


Message History

Health restored: 81
p - a wand of paralysis (17) (gained 5 charges) As you open the door, it creaks loudly!
There is an open door here.
An orc and an orc priest come into view.
An orc wizard comes into view. It is wielding a +0 dagger.
The orc priest shouts!
The orc shouts!
You hear a shout!
The orc wizard shouts!
The orc priest invokes the aid of Beogh against you.
Beogh smites you!
You take 12 damage, and have 69/81 hp.
You barely miss the orc.
An orc comes into view. It is wielding a +0 dagger.
The orc hits you but does no damage.
You hit the orc but do no damage. The orc closely misses you.
You hit the orc wizard.
You feel better.
You regained 2 hp, and now have 72/81 hp.
You barely miss the orc wizard.
The orc wizard hits you with a +0 dagger.
You take 1 damage, and have 71/81 hp.
You slash the orc wizard!
The orc wizard hits you but does no damage.
The orc wizard closely misses you.
You barely miss the orc wizard.
The orc wizard hits you but does no damage.
You slice the orc wizard!!
You feel better.
You kill the orc wizard!
Lugonu accepts your kill.
You regained 3 hp, and now have 74/81 hp.
You slice the orc!!
You feel better.
You kill the orc!
Lugonu accepts your kill. The orc priest closely misses you.
Items here: )) [[ †.
You regained 6 hp, and now have 80/81 hp.
You closely miss the orc priest. The orc priest barely misses you.
The orc priest hits you with a +0 short sword.
You take 1 damage, and have 79/81 hp.
You slice the orc priest!!
You feel better.
You kill the orc priest!
Lugonu accepts your kill.
Health restored: 81 You slice the orc!!
You kill the orc!
Lugonu accepts your kill.
No target in view!
No target in view!
No target in view!
No target in view!
No target in view!
No target in view!
No target in view!
No target in view!
No target in view!
No target in view!
No target in view!
No target in view!
No target in view!
No target in view!
No target in view!
No target in view!
Things that are here:
a +0 dagger; a +0 short sword; a +0 leather armour You open the door.
Found a stone staircase leading up.
There is an open door here.
v - 3 scrolls of magic mapping {!r} (gained 1)
You now have 912 gold pieces (gained 16).
You open the door.
You sense a monster nearby.
There is an open door here.
You open the door.
Snorg the Insatiable comes into view.
No reachable target in view!
No reachable target in view!
There is an open door here.
The helpless Snorg fails to defend herself.
You carve Snorg like a ham!!!
Snorg goes berserk!
Snorg bites you. Snorg completely misses you. Snorg claws you.
You take 10 damage, and have 71/81 hp.
You barely miss Snorg. Snorg bites you! Snorg claws you but does no damage.
Snorg closely misses you.
You take 13 damage, and have 58/81 hp.
You barely miss Snorg. Snorg bites you. Snorg claws you!
Snorg claws you but does no damage. Snorg bites you. Snorg barely misses you.
Snorg closely misses you.
You take 20 damage, and have 38/81 hp.
MASSIVE DAMAGE!!
You are too injured to fight recklessly!
You slice Snorg!!
You feel better. Snorg bites you! Snorg claws you.
Snorg claws you but does no damage. Snorg bites you!!
* * * LOW HITPOINT WARNING * * *
Snorg claws you!
* * * LOW HITPOINT WARNING * * *
Snorg barely misses you.
You take 34 damage, and have 4/81 hp.
MASSIVE DAMAGE!!
Aim: Snorg (heavily wounded, berserk, chance to affect: 59%) Snorg resists with significant effort.
Snorg bites you but does no damage. Snorg claws you.
* * * LOW HITPOINT WARNING * * *
Snorg claws you!
You die...

#..# # ## #.## # #.#
# ####'#### # ##
#.......# ####'## #.
#......<##### .......
##' +.......'...#
....... #..
#.......###.##...)..?
#.. #.......#
#..@....... #..
#.......# ####T......
#.)'.. #########
####### ####.. #..
#.. ###


You could see Snorg (berserk).

Vanquished Creatures
  Erolcha (D:9)
  A boulder beetle (D:11)
  Erica (D:10)
  Psyche (D:11)
  A troll (D:10)
  A shadow (D:11)
  Sigmund (D:3)
  5 yaks (D:11)
  A wyvern (D:8)
  5 vampire mosquitoes
  2 steam dragons
  A warg (D:9)
  2 acid dragons
  Edmund (D:5)
  A water moccasin (D:9)
  Pargi (D:4)
  2 orc warriors (D:9)
  5 black bears
  A hornet zombie (D:9)
  A sky beast (D:5)
  A necrophage (D:6)
  An ogre (D:5)
  A centaur (D:10)
  3 kobold brigands
  2 gnoll sergeants
  A bullfrog (D:8)
  2 scorpions
  A water moccasin skeleton (D:6)
  16 wights
  9 howler monkeys
  A spectral centaur (D:9)
  2 centaur zombies
  6 orc priests
  2 bullfrog zombies
  A bullfrog skeleton (D:6)
  Crazy Yiuf (D:2)
  A hound (D:4)
  A jelly (D:7)
  Ijyb (D:5)
  2 iguanas
  Natasha (thrice) (D:2)
  14 orc wizards
  A hound skeleton (D:4)
  A howler monkey zombie (D:9)
  Robin (D:2)
  9 gnolls
  9 adders
  A howler monkey skeleton (D:9)
  An ufetubus (D:5)
  An adder skeleton (D:4)
  45 orcs
  5 ball pythons
  6 endoplasms
  5 giant cockroaches
  17 goblins
  10 hobgoblins
  4 jackals (D:4)
  2 quokkas
  9 bats
  A frilled lizard (D:3)
  24 kobolds
  5 rats
264 creatures vanquished.

Vanquished Creatures (collateral kills)
  A frilled lizard (D:2)
1 creature vanquished.

Vanquished Creatures (others)
  An orc (D:10)
  A fungus (D:7)
  8 plants
10 creatures vanquished.

Grand Total: 275 creatures vanquished

Notes
Turn   | Place    | Note
-------+----------+-------------------------------------------
     0 | Abyss:1  | murtidash the Formicid Abyssal Knight began the quest for
                  | the Orb.
     0 | Abyss:1  | Reached XP level 1. HP: 18/18 MP: 2/2
    61 | Abyss:1  | Found a corrupted altar of Lugonu.
   289 | Abyss:2  | Noticed a blink frog
   294 | D:1      | Escaped the Abyss
   484 | D:1      | Reached XP level 2. HP: 20/24 MP: 3/3
   759 | D:1      | Found a faded altar of an unknown god.
   891 | D:2      | Reached skill level 3 in Invocations
   982 | D:2      | Reached XP level 3. HP: 29/29 MP: 5/5
  1068 | D:2      | Reached skill level 1 in Maces & Flails
  1215 | D:2      | Reached * piety under Lugonu
  1453 | D:2      | Reached XP level 4. HP: 35/35 MP: 6/6
  1457 | D:2      | Noticed Robin
  1470 | D:2      | Killed Robin
  1655 | D:2      | Reached skill level 2 in Maces & Flails
  1655 | D:2      | Reached skill level 4 in Invocations
  1814 | D:2      | Found a broken altar of Ashenzari.
  1913 | D:2      | Found a runed translucent door.
  1914 | D:2      | Noticed Crazy Yiuf
  2051 | D:2      | Killed Crazy Yiuf
  2052 | D:2      | Reached XP level 5. HP: 22/41 MP: 8/8
  2060 | D:2      | HP: 8/41 [poisoned by Crazy Yiuf]
  2339 | D:3      | Noticed Natasha
  2357 | D:2      | Killed Natasha
  2662 | D:2      | Noticed Natasha
  2674 | D:2      | Killed Natasha
  2675 | D:2      | Reached skill level 3 in Maces & Flails
  3244 | D:2      | Found a broken altar of Ashenzari.
  3535 | D:2      | Noticed Natasha
  3544 | D:2      | Killed Natasha
  3545 | D:2      | Reached skill level 5 in Invocations
  3545 | D:2      | Reached XP level 6. HP: 47/47 MP: 9/9
  3702 | D:3      | Noticed Sigmund
  3737 | D:3      | Killed Sigmund
  3738 | D:3      | Reached skill level 4 in Maces & Flails
  3738 | D:3      | Reached skill level 6 in Invocations
  3738 | D:3      | Reached XP level 7. HP: 28/52 MP: 9/11
  4165 | D:3      | Reached ** piety under Lugonu
  4772 | D:4      | Noticed Pargi
  4811 | D:4      | Killed Pargi
  5027 | D:4      | Reached skill level 5 in Maces & Flails
  5149 | D:4      | Reached skill level 7 in Invocations
  5334 | D:4      | Identified the +2 robe of Refuge {*Slow Dex+7}
  5382 | D:4      | Reached XP level 8. HP: 49/58 MP: 13/13
  5589 | D:4      | Found a glowing silver altar of Zin.
  5593 | D:4      | Found a radiant altar of Vehumet.
  5593 | D:4      | Found an ornate altar of the Wu Jian Council.
  5602 | D:4      | Found a shimmering blue altar of Sif Muna.
  5606 | D:4      | Found a white marble altar of Elyvilon.
  5748 | D:4      | Reached skill level 6 in Maces & Flails
  5890 | D:5      | Entered Level 5 of the Dungeon
  5890 | D:5      | Found Lapo's Weapon Shoppe.
  5924 | D:5      | Reached skill level 8 in Invocations
  6327 | D:5      | Reached *** piety under Lugonu
  6346 | D:5      | Noticed Edmund
  6369 | D:5      | Killed Edmund
  6646 | D:5      | Reached skill level 3 in Armour
  6678 | D:5      | Noticed Ijyb
  6701 | D:5      | Killed Ijyb
  6925 | D:5      | Reached skill level 4 in Fighting
  6925 | D:5      | Reached XP level 9. HP: 50/65 MP: 15/15
  7222 | D:6      | Reached skill level 7 in Maces & Flails
  7619 | D:6      | Identified the +0 ring mail of Masochism {rF++}
  7859 | D:6      | Reached skill level 4 in Armour
  7859 | D:6      | Reached skill level 9 in Invocations
  8292 | D:7      | Reached skill level 5 in Fighting
  8292 | D:7      | Reached skill level 8 in Maces & Flails
  8429 | D:7      | Found a runed translucent gate.
  8429 | D:7      | Found a runed translucent gate.
  8429 | D:7      | Found a runed translucent gate.
  8533 | D:7      | Noticed issech's ghost (novice TrFi)
  8848 | D:7      | Found a staircase to the Ecumenical Temple.
  8999 | D:8      | Reached **** piety under Lugonu
  9245 | D:8      | Found a runed translucent gate.
  9246 | D:8      | Found a runed translucent gate.
  9247 | D:8      | Found a runed translucent gate.
  9247 | D:8      | Noticed fragbeetle's ghost (novice PaAK)
  9248 | D:8      | Noticed a nine-headed hydra
  9278 | D:8      | Reached XP level 10. HP: 74/74 MP: 17/17
  9457 | D:8      | Reached skill level 5 in Armour
 10058 | D:8      | Reached skill level 6 in Fighting
 10058 | D:8      | Reached skill level 9 in Maces & Flails
 10253 | D:9      | Reached skill level 10 in Invocations
 10567 | D:9      | Noticed Erolcha
 10586 | D:9      | Killed Erolcha
 10587 | D:9      | Reached skill level 6 in Armour
 10587 | D:9      | Reached skill level 2 in Stealth
 10647 | D:9      | Found a staircase to the Orcish Mines.
 10875 | D:9      | Found a staircase to the Lair.
 11199 | D:9      | Reached ***** piety under Lugonu
 11200 | D:9      | Reached skill level 10 in Maces & Flails
 11243 | D:9      | Identified a scroll of acquirement
 11244 | D:9      | Acquired 420 gold pieces
 11343 | D:9      | Found a sacrificial altar of Ru.
 11346 | D:9      | Gained mutation: You have large cloven feet. [potion of
                  | mutation]
 11346 | D:9      | Gained mutation: You are somewhat resistant to further
                  | mutation. [potion of mutation]
 11367 | D:10     | Entered Level 10 of the Dungeon
 11590 | D:10     | Reached skill level 3 in Stealth
 11614 | D:10     | HP: 15/75 [troll (4)]
 11628 | D:10     | Reached XP level 11. HP: 34/81 MP: 18/18
 12051 | D:10     | Reached skill level 4 in Stealth
 12401 | D:10     | Reached skill level 7 in Armour
 12553 | D:10     | Noticed Erica
 12583 | D:10     | Killed Erica
 12584 | D:10     | Reached skill level 11 in Maces & Flails
 12584 | D:10     | Reached skill level 5 in Stealth
 12584 | D:10     | Reached skill level 11 in Invocations
 13178 | D:11     | Noticed a two-headed ogre
 13487 | D:11     | Acquired 943 gold pieces
 13591 | D:5      | Bought the +9 battleaxe "Sygeod" {vamp, rPois Dex-2 SInv}
                  | for 1059 gold pieces
 13701 | D:11     | Noticed a seven-headed hydra
 13702 | D:11     | Banished a seven-headed hydra
 13703 | D:11     | Reached skill level 3 in Axes
 13829 | D:11     | Noticed a two-headed ogre
 13835 | D:11     | Banished a two-headed ogre
 13836 | D:11     | Reached skill level 6 in Stealth
 14084 | D:11     | Noticed a boulder beetle
 14102 | D:11     | Killed a boulder beetle
 14344 | D:11     | Noticed Psyche
 14353 | D:11     | Killed Psyche
 14354 | D:11     | Reached skill level 4 in Axes
 14361 | D:11     | Reached skill level 7 in Stealth
 14369 | D:11     | Reached skill level 12 in Invocations
 14627 | D:11     | Noticed Snorg
 14632 | D:11     | HP: 4/81 [Snorg (17)]
 14633 | D:11     | Mangled by Snorg

Illustrated notes

Levels and vault maps discovered:
D:1:      heliophobic_arrival_glass_houses, layout_rooms,
          hellmonk_ecumenical_altar_leap_of_faith
D:2:      layout_basic, basic_altar, chequers_serial_rivers_room_b,
          uniq_crazy_yiuf_cottage, uniq_robin
D:3:      layout_basic, uniq_sigmund, uniq_natasha
D:4:      layout_loops_ring, minmay_overflow_temple_star_hex,
          minmay_a_box_with_orc_wizards_in_it, uniq_pargi
D:5:      layout_basic, serial_shops, nicolae_stop_n_shop_2, uniq_edmund,
          uniq_ijyb
D:6:      layout_cave_pools
D:7:      layout_loops_ring, minmay_temple_entry_from_below_b,
          gammafunk_ghost_nasty_kobolds, serial_park_tiny_2, uniq_maggie
D:8:      layout_loops_ring, gammafunk_ghost_hydra_chop
D:9:      layout_roguey, nicolae_ru_path_of_blood, lair_entry_dummy, erik_orc_4,
          hangedman_weighted_door, uniq_erolcha
D:10:     layout_long_grid, uniq_erica
D:11:     layout_roguey, uniq_psyche, uniq_snorg

Skill      XL: |  1  2  3  4  5  6  7  8  9 10 11 |
---------------+----------------------------------+-----
Invocations    | 3 4 5 6 7 8 9 10 12 | 12.0
Maces & Flails | 1 2 3 4 5 6 8 10 11 | 11.1
Armour         | 3 4 6 7 |  7.0
Fighting       | 4 5 6 |  6.0
Stealth        | 3 7 |  7.3
Axes           | 4 |  4.6
Dodging        | |  0.8

Action                   |  1- 3 |  4- 6 |  7- 9 | 10-12 || total
-------------------------+-------+-------+-------+-------++-------
Melee: Hand axe          |    29 |       |       |       ||    29
       Punch             |     2 |     1 |     5 |     8 ||    16
       Whip              |    58 |    84 |   458 |   316 ||   916
       Flail             |       |       |     2 |       ||     2
       Battleaxe         |       |       |       |    68 ||    68
Invok: Depart the Abyss  |     1 |       |       |       ||     1
       Banish            |       |       |       |     3 ||     3
 Abil: Dig               |       |       |       |     3 ||     3
Evoke: Wand              |       |       |     4 |    10 ||    14
  Use: Scroll            |       |     1 |       |    11 ||    12
       Potion            |       |       |     1 |     6 ||     7
 Stab: Paralysed         |       |       |       |     5 ||     5
       Sleeping          |       |       |       |     1 ||     1
Armor: Leather armour    |    24 |       |       |       ||    24
       Chain mail        |    13 |    34 |   237 |       ||   284
       Ring mail         |       |       |    32 |   120 ||   152
Dodge: Dodged            |    49 |    20 |   196 |   180 ||   445

Table legend: (Time is in decaauts)
 A = Elapsed time spent in this place.
 B = Non-inter-level travel time spent in this place.
 C = Inter-level travel time spent in this place.
 D = Time resting spent in this place.
 E = Time spent auto-exploring this place.
 F = Levels seen in this place.
 G = Mean time per level.
                   A        B        C        D        E       F      G
               +--------+--------+--------+--------+--------+-----+--------+
         Total |  14446 |  13964 |    482 |    769 |  11063 |  13 | 1111.2 |
       Dungeon |  14152 |  13670 |    482 |    769 |  10795 |  11 | 1286.5 |
         Abyss |    293 |    293 |      0 |      0 |    268 |   2 |  146.5 |
               +--------+--------+--------+--------+--------+-----+--------+

Top non-repeatable levels by time:
     D:2: 2741 daAuts
    D:10: 1771 daAuts
     D:5: 1593 daAuts
     D:8: 1557 daAuts
    D:11: 1296 daAuts
     D:3: 1176 daAuts
     D:4: 1104 daAuts
     D:9: 932 daAuts
     D:7: 827 daAuts
     D:6: 595 daAuts
     D:1: 554 daAuts
 Abyss:1: 190 daAuts
 Abyss:2: 103 daAuts

Table legend:
 A = Kills in this place as a percentage of kills in entire the game.
 B = Kills by you in this place as a percentage of kills by you in the entire game.
 C = Kills by friends in this place as a percentage of kills by friends in the entire game.
 D = Other kills in this place as a percentage of other kills in the entire game.
 E = Experience gained in this place as a percentage of experience gained in the entire game.
 F = Experience gained in this place divided by the number of levels of this place that you have seen.
                   A       B       C       D       E      F
               +-------+-------+-------+-------+-------+----------------------
         Total | 100.0 | 100.0 | 100.0 | 100.0 | 100.0 | 1183.2
       Dungeon | 100.0 | 100.0 | 100.0 | 100.0 | 100.0 | 1398.3
               +-------+-------+-------+-------+-------+----------------------
